Map: Ephemeron LE

Players

Erik

  • Race: Zerg Zerg
  • League: Master
  • Spawn Location: 5:00

RiSky - Winner!

  • Race: Zerg Zerg
  • Spawn Location: 11:00

Event: NationWars 2019

VOD

Have the link to the VOD?

Description

Time

  • Played on: Oct. 12, 2019, 3:35 p.m.
  • Length: 9:47
Show
View Real Time Build Order
Export as new Build Order

Erik Zerg 

Build Orders: Hatch First 

Get SALT Encoding   

  12  0:01  Drone  
  13  0:12  Overlord  
  13  0:17  Drone  
  14  0:31  Drone x2  
  16  0:48  Hatchery  
  15  0:51  Drone  
  15  0:55  Drone  
  17  0:58  Drone  
  18  1:09  Extractor  
  17  1:13  Spawning Pool  
  17  1:16  Drone  
  17  1:20  Drone  
  18  1:28  Drone  
  19  1:39  Drone  
  20  1:50  Overlord  
  20  2:00  Queen x2  
  24  2:01  Zergling x2  
  24  2:03  Drone  
  26  2:09  Metabolic Boost  
  26  2:11  Drone  
  26  2:12  Drone  
  28  2:22  Drone x2  
  30  2:37  Drone, Hatchery  
  30  2:44  Baneling Nest  
  30  2:46  Overlord  
  30  2:48  Drone  
  30  2:51  Drone  
  30  2:54  Drone  
  30  2:56  Drone  
  33  3:06  Overlord  
  33  3:07  Drone  
  33  3:11  Zergling x6  
  37  3:14  Zergling x2  
  37  3:15  Zergling x2  
  37  3:17  Zergling x2  
  40  3:22  Zergling x2  
  42  3:27  Drone  
  42  3:29  Baneling x2  
  42  3:31  Drone  
  42  3:33  Drone  
  44  3:41  Drone x3  
  47  3:42  Zergling x6  
  47  3:45  Overlord  
  50  3:55  Drone x2  
  49  4:03  Drone x2  
  49  4:04  Drone  
  49  4:08  Extractor  
  51  4:10  Evolution Chamber  
  51  4:11  Drone x3  
  51  4:12  Drone  
  51  4:16  Baneling  
  52  4:19  Zergling x10  
  52  4:20  Queen  
  59  4:24  Extractor  
  59  4:25  Baneling x2  
  58  4:34  Roach Warren  
  57  4:40  Drone x6  
  57  4:44  Baneling x2  
  62  4:46  Drone x2  
  62  4:47  Drone  
  65  4:56  Drone x2, Lair  
  65  4:57  Pneumatized Carapace  
  66  5:04  Zerg Missile Weapons Level 1  
  66  5:06  Overlord x3  
  64  5:09  Drone  
  64  5:10  Drone  
  65  5:17  Extractor  
  65  5:20  Overlord  
  64  5:21  Extractor  
  64  5:22  Overlord  
  64  5:27  Roach x3  
  69  5:30  Roach  
  69  5:31  Roach x4  
  69  5:35  Baneling  
  78  5:37  Drone x4  
  77  5:53  Drone x6  
  81  5:59  Roach x4  
  81  6:03  Queen  
  89  6:08  Overlord  
  89  6:12  Extractor, Overlord  
  87  6:23  Drone x4  
  89  6:27  Spire  
  88  6:35  Roach x5  
  98  6:46  Drone x2  
  100  6:52  Overlord  
  100  6:53  Roach  
  100  6:54  Roach x4  
  110  7:02  Drone x3  
  110  7:03  Overlord  
  110  7:05  Roach  
  115  7:11  Overseer, Hatchery  
  114  7:17  Overlord x2  
  114  7:22  Roach  
  122  7:23  Roach x3  
  122  7:26  Roach x4  
  115  7:37  Roach  
  115  7:38  Roach x7  
  108  7:45  Mutalisk  
  98  7:55  Mutalisk x5  
  89  8:06  Roach x2  
  81  8:13  Roach x3  
  81  8:18  Roach x5  
  70  8:31  Roach x2  
  71  8:37  Roach  
Show
View Real Time Build Order
Export as new Build Order

RiSky Zerg - Winner!

Build Orders: Hatch First 

Get SALT Encoding   

  12  0:00  Drone  
  13  0:12  Overlord  
  13  0:16  Drone  
  14  0:30  Drone x2  
  16  0:48  Hatchery  
  15  0:51  Drone  
  15  0:55  Drone  
  17  0:58  Drone  
  18  1:09  Extractor  
  17  1:13  Spawning Pool  
  17  1:17  Drone  
  17  1:20  Drone  
  18  1:27  Drone  
  19  1:38  Drone  
  20  1:48  Overlord  
  20  2:00  Drone x2, Queen x2  
  26  2:09  Metabolic Boost  
  26  2:11  Drone x2  
  28  2:21  Drone, Zergling x2  
  30  2:32  Zergling x2  
  30  2:35  Hatchery  
  30  2:44  Drone, Baneling Nest  
  30  2:47  Overlord  
  30  2:50  Drone  
  31  2:53  Drone  
  31  2:55  Drone  
  33  3:04  Drone  
  34  3:08  Drone x2  
  34  3:10  Zergling x4  
  34  3:11  Drone  
  39  3:13  Drone  
  39  3:16  Queen  
  42  3:21  Drone  
  42  3:22  Evolution Chamber  
  42  3:25  Overlord  
  42  3:28  Drone  
  42  3:29  Baneling  
  42  3:33  Zergling x2  
  44  3:36  Baneling x2  
  43  3:44  Zergling x12  
  43  3:46  Baneling  
  43  3:47  Extractor  
  48  3:49  Overlord  
  48  3:54  Drone  
  49  3:58  Zergling x4  
  49  4:02  Drone  
  52  4:03  Overlord  
  52  4:04  Baneling x2  
  52  4:08  Drone x2  
  53  4:15  Drone  
  54  4:17  Drone x3  
  54  4:20  Extractor  
  54  4:22  Drone x2  
  58  4:25  Drone  
  58  4:29  Roach Warren  
  58  4:30  Drone  
  59  4:31  Drone  
  59  4:38  Drone x2  
  62  4:39  Drone  
  62  4:44  Zergling x8  
  62  4:50  Zergling x4  
  62  4:52  Lair, Zerg Missile Weapons Level 1  
  62  4:57  Drone  
  62  4:58  Zergling x4  
  65  5:00  Zergling x4  
  65  5:01  Baneling x2  
  65  5:06  Queen  
  67  5:09  Baneling  
  67  5:15  Drone x2  
  67  5:17  Drone x5  
  73  5:22  Overlord  
  73  5:27  Overlord  
  73  5:36  Overlord  
  73  5:41  Baneling  
  73  5:42  Baneling  
  73  5:43  Drone  
  73  5:47  Drone  
  73  5:49  Roach x2  
  78  5:50  Roach, Glial Reconstitution  
  78  5:53  Roach x4  
  78  5:54  Roach  
  78  5:55  Roach x2  
  85  5:57  Extractor  
  85  5:58  Roach  
  85  5:59  Roach  
  85  6:03  Roach  
  89  6:07  Roach  
  89  6:10  Roach  
  93  6:14  Roach  
  95  6:20  Roach x2  
  95  6:24  Overlord x2  
  96  6:27  Overlord  
  96  6:33  Overlord x2  
  96  6:35  Roach  
  98  6:40  Spine Crawler  
  98  6:44  Roach x7  
  111  6:49  Ravager  
  111  6:50  Roach x2  
  116  6:54  Roach x3  
  116  7:00  Roach x2  
  116  7:01  Roach  
  127  7:04  Roach  
  127  7:06  Overlord  
  127  7:07  Roach  
  131  7:12  Drone x5  
  137  7:18  Overlord  
  137  7:21  Overlord  
  137  7:22  Zerg Missile Weapons Level 2  
  137  7:24  Overlord  
  137  7:26  Pneumatized Carapace  
  137  7:27  Drone, Overlord  
  138  7:30  Drone  
  138  7:32  Overlord  
  138  7:36  Roach x3  
  138  7:39  Roach  
  138  7:40  Roach  
  138  7:42  Roach  
  141  7:46  Roach  
  141  7:49  Roach  
  137  7:54  Roach  
  137  7:55  Roach  
  141  8:04  Roach  
  143  8:07  Roach x3  
  145  8:13  Roach  
  145  8:17  Spore Crawler  
  145  8:18  Spore Crawler  
  143  8:21  Hatchery  
  143  8:24  Queen  
  144  8:32  Roach x2  
  144  8:38  Roach x2  
  147  8:44  Roach x2  
  147  8:50  Roach x2  
  148  8:58  Queen  
  148  9:02  Roach x3  
  138  9:09  Hatchery  
Tags
 
Add a new tag
Caveats
  • Supply blocks, unpowered buildings, or Contaminate may cause inaccurate times.
  • Supply counts are checked every 10 seconds.